 Dungeon Crawl Stone Soup version 0.29-a0-1023-g6ae1a4a2c7 (webtiles) character file.

Game seed: 8333673470635155768

961 nickcage the Spear-Bearer (level 8, -6/56 HPs)
             Began as a Merfolk Gladiator on Aug 11, 2022.
             Killed by divine providence
             ... invoked by an orc priest
              (13 damage)
             ... on level 5 of the Dungeon.
             The game lasted 00:15:21 (5480 turns).

nickcage the Spear-Bearer (Merfolk Gladiator)       Turns: 5480, Time: 00:15:21

Health: -6/56      AC: 11    Str: 22    XL:     8   Next: 15%
Magic:  8/8        EV:  9    Int:  7    God:
Gold:   440        SH:  5    Dex: 15    Spells: 7/7 levels left

rFire   + . .      SeeInvis .   a - +0 trident
rCold   . . .      Faith    .   (no shield)
rNeg    + . .      Spirit   .   q - +0 chain mail
rPois   .          Reflect  +   c - +0 helmet
rElec   .          Harm     .   w - +1 cloak of Incorporation {*Slow Str+5}
rCorr   .          Rampage  .   (no gloves)
Will    .....                   (no boots)
Stlth   ..........              y - amulet of reflection
HPRegen 0.18/turn               m - ring of protection from fire
MPRegen 0.11/turn               A - ring of positive energy

@: no status effects
A: (nimble swimmer 2), mertail
a: no special abilities


You were on level 5 of the Dungeon.
You visited 1 branch of the dungeon, and saw 5 of its levels.
You also visited: Ossuary.

You collected 440 gold pieces.

Inventory:

Hand Weapons
 a - a +0 trident (weapon)
Missiles
 d - 3 throwing nets
 e - a javelin
 h - 6 poisoned darts
 G - 9 curare-tipped darts (quivered)
Armour
 b - a +0 leather armour
 c - a +0 helmet (worn)
 n - a +0 ring mail
 q - a +0 chain mail (worn)
 v - a +0 cloak
 w - the +1 cloak of Incorporation (worn) {*Slow Str+5}
   (You found it on level 3 of the Dungeon)

   Str:       It affects your strength (+5).
   *Slow:     It may slow you when you take damage.
Jewellery
 m - a ring of protection from fire (left hand)
 p - an amulet of magic regeneration
 y - an amulet of reflection (around neck)
 A - a ring of positive energy (right hand)
Wands
 o - a wand of quicksilver (9)
Scrolls
 g - 6 scrolls of identify
 u - a scroll of poison
 x - 3 scrolls of teleportation
 B - a scroll of enchant armour {unknown}
 E - a scroll of enchant weapon {unknown}
Potions
 f - a potion of invisibility
 i - 4 potions of haste {unknown}
 j - 3 potions of attraction
 k - 3 potions of heal wounds {unknown}
 l - a potion of mutation
 r - 3 potions of magic
 s - 2 potions of degeneration {unknown}
 t - a potion of cancellation {unknown}
 z - a potion of berserk rage {unknown}
 C - 3 potions of curing {unknown}
 D - 2 potions of lignification {unknown}
 F - a potion of flight {unknown}
 H - a potion of brilliance {unknown}
 I - a potion of might {unknown}


   Skills:
 - Level 2.1 Fighting
 + Level 12.3 Polearms
 - Level 2.0 Throwing
 - Level 4.0 Dodging
 - Level 1.0 Shields


You had 7 spell levels left.
You didn't know any spells.
Your spell library contained the following spells:

 Spells                   Type           Power      Damage    Failure   Level
 Static Discharge         Conj/Air       0%         3-3/arc   100%        2
 Gell's Gravitas          Tloc           0%         N/A       100%        3
 Ignite Poison            Fire/Tmut/Pois 0%         N/A       100%        3
 Lesser Beckoning         Tloc           0%         N/A       100%        3
 Mephitic Cloud           Conj/Pois/Air  0%         N/A       100%        3
 Teleport Other           Tloc           0%         N/A       100%        3
 Freezing Cloud           Conj/Ice/Air   0%         6-21      100%        5
 Lightning Bolt           Conj/Air       0%         1d11      100%        5
 Maxwell's Capacitive Co  Air            0%         ∞         100%        8


Dungeon Overview and Level Annotations

Branches:
Dungeon (5/15)            Ossuary (visited)
 Temple: D:4-7

Altars:


Innate Abilities, Weirdness & Mutations

((You are very nimble when in or above water. (Stealth+, EV+, Speed+++)))
Your lower body shifts to a powerful aquatic tail in water.


Message History

The orc is lightly wounded.
The orc barely misses you. The orc hits you but does no damage.
You puncture the orc!
You kill the orc!
You closely miss the orc. The orc barely misses you.
You puncture the orc!
You kill the orc!
You hit the orc priest. Your punch misses the orc priest.
The orc priest is lightly wounded.
You hit the orc priest.
The orc priest is moderately wounded.
The orc priest hits you with a +0 falchion.
You hit the orc priest but do no damage.
The orc priest is moderately wounded.
You block the orc priest's attack.
The orc priest calls down the wrath of Beogh upon you.
Beogh smites you!
You are too injured to fight recklessly!
You are too injured to fight recklessly!
You are too injured to fight recklessly!
You are too injured to fight recklessly!
You hit the orc priest but do no damage.
The orc priest is moderately wounded.
You puncture the orc priest!
The orc priest is almost dead.
The orc priest invokes the aid of Beogh against you.
Beogh smites you!
* * * LOW HITPOINT WARNING * * *
You closely miss the orc priest.
The orc priest is almost dead.
The orc priest hits you but does no damage.
The adder misses you.
You hit the orc priest but do no damage.
The orc priest is almost dead.
You closely miss the orc priest.
The orc priest is almost dead.
The adder bites you but does no damage. The orc priest barely misses you.
The orc priest calls down the wrath of Beogh upon you.
Beogh smites you!
You die...

#.......).......###....
##.....................
#..........#######.>..
##.........# #....
##........# #####
##(.....## # ##.....#
##.##### ####### #o@#
##...... #S## ##.......
#o #........ ..
#........ ... #........
.... #......<. .....
#........ ......
##[...... ##......


You could see 2 orc priests and an adder.

Vanquished Creatures
  3 ogres
  A phantom (D:5)
  A scorpion (D:5)
  2 hounds
  Crazy Yiuf (D:3)
  An orc priest (D:5)
  2 jellies (D:4)
  An iguana (D:4)
  2 orc wizards
  8 mummies (Ossuary)
  Robin (D:2)
  7 adders
  An ufetubus (D:4)
  A worm (D:3)
  3 dart slugs
  9 orcs
  10 bats
  9 endoplasms
  4 giant cockroaches
  13 hobgoblins
  10 jackals
  7 kobolds
  4 quokkas
  6 ball pythons
  4 frilled lizards
  A gnoll zombie (Ossuary)
  19 goblins
  2 hobgoblin zombies (Ossuary)
  3 kobold zombies (Ossuary)
  2 orc zombies (Ossuary)
  6 rats
144 creatures vanquished.

Vanquished Creatures (others)
  3 plants (D:2)
  3 withered plants (D:2)
6 creatures vanquished.

Grand Total: 150 creatures vanquished

Notes
Turn   | Place    | Note
-------+----------+-------------------------------------------
     0 | D:1      | nickcage the Merfolk Gladiator began the quest for the Orb.
     0 | D:1      | Reached XP level 1. HP: 16/16 MP: 1/1
   162 | D:1      | Reached XP level 2. HP: 22/22 MP: 2/2
   366 | D:1      | Reached skill level 5 in Polearms
   579 | D:1      | Reached XP level 3. HP: 22/27 MP: 3/3
  1228 | D:2      | Reached skill level 6 in Polearms
  1337 | D:2      | Noticed Robin
  1343 | D:2      | Killed Robin
  1344 | D:2      | Reached XP level 4. HP: 24/33 MP: 4/4
  1715 | D:2      | Reached skill level 7 in Polearms
  1820 | D:2      | Found a faded altar of an unknown god.
  2196 | D:3      | Noticed an ogre
  2207 | D:3      | Killed an ogre
  2208 | D:3      | Reached skill level 8 in Polearms
  2208 | D:3      | Reached XP level 5. HP: 38/38 MP: 5/5
  2488 | D:3      | Reached XP level 6. HP: 44/44 MP: 6/6
  2576 | D:3      | Found a runed translucent door.
  2577 | D:3      | Noticed Crazy Yiuf
  2583 | D:3      | Killed Crazy Yiuf
  2762 | D:3      | Identified the +1 cloak of Incorporation {*Slow Str+5}
  3104 | D:3      | Reached skill level 9 in Polearms
  3618 | D:4      | Found a sand-covered staircase.
  3624 | Ossuary  | Entered an ossuary
  4357 | D:4      | Reached skill level 10 in Polearms
  4357 | D:4      | Reached XP level 7. HP: 43/50 MP: 7/7
  4927 | D:5      | Entered Level 5 of the Dungeon
  4943 | D:5      | Reached skill level 11 in Polearms
  5291 | D:5      | Reached XP level 8. HP: 48/56 MP: 8/8
  5445 | D:5      | Reached skill level 12 in Polearms
  5445 | D:5      | Reached skill level 1 in Shields
  5454 | D:5      | Identified the +5 long sword "Pamutun" {freeze, Contam MP+9
                  | Int+2 Dex+4}
  5480 | D:5      | Killed from afar by an orc priest

Illustrated notes

Levels and vault maps discovered:
D:1:      lemuel_arrival_broad_hall, layout_basic
D:2:      layout_loops_ring, shapermc_ecumenical_altar_flowoftime, uniq_robin
D:3:      layout_basic, nicolae_overflow_hidden_temple, minmay_mini_jars,
          uniq_crazy_yiuf_cottage
D:4:      layout_loops_ring, enter_ossuary_5
D:5:      layout_cave_pods, grunt_decor_arrowhead, minmay_crystal_room

Skill      XL: |  1  2  3  4  5  6  7  8 |
---------------+-------------------------+-----
Polearms       | 5 6 8 10 11 12 | 12.3
Shields        | 1 |  1.0
Fighting       | |  2.1
Throwing       | |  2.0
Dodging        | |  4.0

Action                   |  1- 3 |  4- 6 |  7- 9 || total
-------------------------+-------+-------+-------++-------
Melee: Trident           |   118 |   255 |   175 ||   548
       Punch             |       |     3 |     2 ||     5
Throw: Dart              |       |     7 |     1 ||     8
       Javelin           |       |     2 |       ||     2
  Use: Scroll            |    10 |     4 |       ||    14
Armor: Leather armour    |    26 |    11 |       ||    37
       Ring mail         |       |    10 |       ||    10
       Chain mail        |       |    31 |    49 ||    80
Dodge: Dodged            |    54 |    67 |    32 ||   153
Block: Other             |       |    13 |    14 ||    27

Table legend: (Time is in decaauts)
 A = Elapsed time spent in this place.
 B = Non-inter-level travel time spent in this place.
 C = Inter-level travel time spent in this place.
 D = Time resting spent in this place.
 E = Time spent auto-exploring this place.
 F = Levels seen in this place.
 G = Mean time per level.
                   A        B        C        D        E       F      G
               +--------+--------+--------+--------+--------+-----+--------+
         Total |   5406 |   5241 |    165 |    502 |   3724 |   6 |  901.0 |
       Dungeon |   4838 |   4673 |    165 |    255 |   3525 |   5 |  967.6 |
       Ossuary |    568 |    568 |      0 |    247 |    199 |   1 |  568.0 |
               +--------+--------+--------+--------+--------+-----+--------+

Top non-repeatable levels by time:
     D:3: 1462 daAuts
     D:1: 1140 daAuts
     D:2: 914 daAuts
     D:4: 796 daAuts
 Ossuary: 568 daAuts
     D:5: 524 daAuts
